 Dungeon Crawl Stone Soup version 0.31-a0-37-g98a128e1d9 (webtiles) character file.

Game seed: 13168919388852853260

21 AleXD21137 the Grave Robber (level 2, 0/20 HPs)
             Began as a Ghoul Necromancer on May 15, 2023.
             Slain by a gnoll
             ... wielding a +0 spear
              (2 damage)
             ... on level 2 of the Dungeon on May 16, 2023.
             The game lasted 00:04:42 (1091 turns).

AleXD21137 the Grave Robber (Ghoul Necromancer)     Turns: 1091, Time: 00:04:47

Health: 0/20       AC:  2    Str: 11    XL:     2   Next: 87%
Magic:  4/4        EV:  6    Int: 10    God:
Gold:   18         SH:  0    Dex:  9    Spells: 4/5 levels left

rFire   . . .        c - +0 dagger (venom)
rCold   + . .        (no shield)
rNeg    + + +        a - +0 robe
rPois   ∞            (no helmet)
rElec   .            (no cloak)
rCorr   .            (no gloves)
SInv    .            (no boots)
Will    .....        (no amulet)
Stlth   ++           (no ring)
HPRegen 0.00/turn    (no ring)
MPRegen 0.09/turn

%: no passive effects
@: held, inhibited regen
A: claws 1, cold resistance 1, negative energy resistance 3, inhibited
regeneration, torment resistance 2, devour on kill
a: no special abilities


You were on level 2 of the Dungeon.
You visited 1 branch of the dungeon, and saw 2 of its levels.

You collected 18 gold pieces.

Inventory:

Hand Weapons
 c - a +0 dagger of venom (weapon)
 d - a +0 dagger
 f - a +0 arbalest
Armour
 a - a +0 robe (worn)
Potions
 b - a potion of magic


   Skills:
 + Level 0.1 Fighting
 + Level 0.1 Short Blades
 + Level 2.0 Dodging
 + Level 2.4 Stealth
 + Level 2.0 Spellcasting
 + Level 4.3 Necromancy


You had 4 spell levels left.
You knew the following spells:

 Your Spells              Type           Power      Damage    Failure   Level
a - Necrotise             Necr           36%        1d5       5%          1

Your spell library contained the following spells:

 Spells                   Type           Power      Damage    Failure   Level
 Vampiric Draining        Necr           9%         2d6       16%         3
 Animate Dead             Necr           9%         N/A       47%         4
 Agony                    Necr           9%         N/A       83%         5


Dungeon Overview and Level Annotations

Branches:
Dungeon (2/15)

Altars:


Innate Abilities, Weirdness & Mutations

You are immune to poison.
You have sharp fingernails.
Your flesh is cold resistant. (rC+)
You are immune to negative energy. (rN+++)
You do not regenerate when monsters are visible.
You are immune to unholy pain and torment.
You thrive by killing the living.


Message History

Found a stone staircase leading down.
An endoplasm comes into view.
The endoplasm quivers.
You see here 18 gold pieces.
You hit the endoplasm but do no damage. The endoplasm freezes you.
You are frozen.
You resist.
You barely miss the endoplasm. The endoplasm hits you.
You hit the endoplasm but do no damage.
The endoplasm is poisoned.
The endoplasm closely misses you.
You hit the endoplasm but do no damage.
The endoplasm is heavily wounded.
The endoplasm freezes you.
You are frozen.
You resist.
You hit the endoplasm but do no damage.
The endoplasm looks as sick as possible!
The endoplasm is severely wounded.
You kill the endoplasm!
You feel better.
You now have 18 gold pieces.
There are no items here.
Found a dagger.
A ball python comes into view. 3 gnolls come into view.
The gnoll shouts! x3
The gnoll throws a throwing net.
The throwing net hits you.
You become entangled in the net!
You see here a throwing net.
You struggle against the net.
You struggle against the net.
The gnoll hits you with a +0 whip.
You struggle against the net.
The gnoll hits you from afar with a +0 spear.
The gnoll barely misses you.
You struggle against the net.
The ball python hisses angrily.
The gnoll hits you with a +0 whip.
The gnoll hits you from afar with a +0 spear!
* * * LOW HITPOINT WARNING * * *
The gnoll hits you from afar with a +0 spear.
You die...

#.#........#....
#.####....##....
#.# #.......... #.#
##......... #.
#...##.#. #...# #
#...# #
#.##.#####>..##)#..
.....Sg@...........
#....g.####........
#....g. ##.#####.
....... .# .......
.# ##..... ##
######


You could see 3 gnolls and a ball python.

Vanquished Creatures
  4 endoplasms
  2 hobgoblins (D:1)
  3 ball pythons
  4 bats (D:1)
  2 frilled lizards (D:1)
  3 goblins (D:1)
  A kobold (D:1)
  2 rats (D:1)
21 creatures vanquished.

Notes
Turn   | Place    | Note
-------+----------+-------------------------------------------
     0 | D:1      | AleXD21137 the Ghoul Necromancer began the quest for the
                  | Orb.
     0 | D:1      | Reached XP level 1. HP: 14/14 MP: 2/2
   271 | D:1      | Reached XP level 2. HP: 20/20 MP: 4/4
  1091 | D:2      | Slain by a gnoll

Illustrated notes

Levels and vault maps discovered:
D:1:      amcnicky_arrival_blooded_trapdoor, layout_loops_cross
D:2:      layout_loops_ring, hellmonk_ecumenical_altar_watching_god,
          minmay_misc_feat_ornament

Skill      XL: |  1  2 |
---------------+-------+-----
Spellcasting   | 2 |  2.0
Dodging        | 2 |  2.0
Fighting       | |  0.1
Short Blades   | |  0.1
Stealth        | |  2.4
Necromancy     | |  4.3

Action                     || total
---------------------------++-------
  Melee: Unarmed           ||    29
         Dagger            ||    65
   Fire: Arbalest          ||     8
    Use: Potion            ||     2
         Scroll            ||     1
   Stab: Sleeping          ||     4
 Armour: Robe              ||    92
  Dodge: Dodged            ||   152

Table legend: (Time is in decaauts)
 A = Elapsed time spent in this place.
 B = Non-inter-level travel time spent in this place.
 C = Inter-level travel time spent in this place.
 D = Time resting spent in this place.
 E = Time spent auto-exploring this place.
 F = Levels seen in this place.
 G = Mean time per level.
                   A        B        C        D        E       F      G
               +--------+--------+--------+--------+--------+-----+--------+
         Total |   1096 |   1096 |      0 |      0 |    492 |   2 |  548.0 |
       Dungeon |   1096 |   1096 |      0 |      0 |    492 |   2 |  548.0 |
               +--------+--------+--------+--------+--------+-----+--------+

Top non-repeatable levels by time:
     D:1: 990 daAuts
     D:2: 105 daAuts
